 Dungeon Crawl Stone Soup version 0.29.1-12-g30fa7ad0bf (webtiles) character file.

Game seed: 3951597731963008702

3565 fishmans the Frost Mage (level 9, -10/55 (62) HPs)
             Began as a Black Draconian Ice Elementalist on Dec 21, 2022.
             Was a Believer of Sif Muna.
             Mangled by a two-headed ogre
             ... wielding a +0 giant spiked club
              (17 damage)
             ... on level 7 of the Dungeon on Dec 23, 2022.
             The game lasted 01:35:36 (15386 turns).

fishmans the Frost Mage (DrIE)                     Turns: 15386, Time: 01:35:37

HP:   -10/55 (62)   AC: 19    Str: 12    XL:     9   Next: 84%
MP:   0/19          EV: 12    Int: 17    God:    Sif Muna [**....]
Gold: 590           SH:  0    Dex: 13    Spells: 11/22 levels left

rFire   . . .      SeeInvis .   f - +3 short sword (vamp)
rCold   . . .      Faith    .   (no shield)
rNeg    . . .      Spirit   +   (body armour unavailable)
rPois   .          Reflect  .   (helmet restricted)
rElec   +          Harm     .   (no cloak)
rCorr   .          Rampage  .   (no gloves)
Will    .....                   (no boots)
Stlth   ++........              u - amulet of guardian spirit
HPRegen 0.18/turn               l - +4 ring of protection
MPRegen 0.16/turn               (no ring)

@: ice-armoured, heavily drained
A: breathe lightning, AC +7, unfitting armour, electricity resistance,
cold-blooded
a: Breathe Lightning, Renounce Religion, Channel Magic


You were on level 7 of the Dungeon.
You worshipped Sif Muna.
Sif Muna was pleased with you.
You visited 2 branches of the dungeon, and saw 10 of its levels.
You also visited: Bailey.

You collected 634 gold pieces.
You spent 44 gold pieces at shops.

Inventory:

Hand Weapons
 f - a +3 vampiric short sword (weapon)
 h - a +0 dagger of flaming
Missiles
 g - 64 stones (quivered)
 w - 2 throwing nets
 A - 9 poisoned darts
Jewellery
 l - a +4 ring of protection (left hand)
 u - an amulet of guardian spirit (around neck)
 C - a ring of protection from cold
Wands
 c - a wand of flame (5)
 B - a wand of charming (7)
Scrolls
 n - 2 scrolls of enchant armour
 o - a scroll of magic mapping
 y - a scroll of identify
 z - a scroll of enchant weapon
Potions
 a - 3 potions of magic
 b - a potion of mutation
 e - 2 potions of might
 j - 2 potions of cancellation
 k - a potion of berserk rage
 m - 3 potions of flight
 p - a potion of brilliance {unknown}
 q - 2 potions of lignification
 s - a potion of attraction {unknown}
 t - 2 potions of heal wounds {unknown}
 v - 3 potions of degeneration


   Skills:
 - Level 2.0 Dodging
 - Level 2.0 Stealth
 - Level 7.1 Spellcasting
 * Level 12.5 Ice Magic


You had 11 spell levels left.
You knew the following spells:

 Your Spells              Type           Power      Damage    Failure   Level
a - Freeze                Ice            100%       1d11      1%          1
b - Ozocubu's Armour      Ice            48%        N/A       1%          3
c - Hailstorm             Conj/Ice       27%        3d7       9%          4
d - Call Imp              Summ           6%         N/A       17%         2
e - Magic Dart            Conj           24%        1d4       12%         1

Your spell library contained the following spells:

 Spells                   Type           Power      Damage    Failure   Level
 Frozen Ramparts          Ice            96%        1d15      1%          3
 Ignite Poison            Fire/Tmut/Pois 6%         N/A       34%         3
 Mephitic Cloud           Conj/Pois/Air  6%         N/A       34%         3
 Freezing Cloud           Conj/Ice/Air   10%        6-21      50%         5


Dungeon Overview and Level Annotations

Branches:
Dungeon (9/15)             Temple (1/1) D:4            Lair (0/5) D:8
    Orc (0/2) D:9          Bailey (visited)

Altars:
Ashenzari
Cheibriados
Dithmenos
Fedhas
Gozag
Hepliaklqana
Kikubaaqudgha
Makhleb
Okawaru
Ru
Sif Muna
Trog
Uskayaw
Wu Jian
Xom
Yredelemnul
Zin
The Shining One

Shops:
D:3 (   D:5 *

Annotations:
D:2 Grinder, Sigmund
D:9 Amaemon


Innate Abilities, Weirdness & Mutations

You can breathe wild blasts of lightning.
Your glossy black scales are hard. (AC +7)
You cannot fit into any form of body armour.
You are resistant to electric shocks. (rElec)
You are cold-blooded and may be slowed by cold attacks.


Message History

Aiming: Freeze (safe; 1% risk of failure)
Press: ? - help, Shift-Dir - straight line, f - two-headed ogre
Aim: a two-headed ogre, wielding two +0 giant spiked clubs You freeze the two-headed ogre!
The two-headed ogre is lightly wounded.
Casting: Freeze (safe; 1% risk of failure)
Confirm with . or Enter, or press ? or * to list all spells.
Aiming: Freeze (safe; 1% risk of failure)
Press: ? - help, Shift-Dir - straight line, f/p - two-headed ogre
Aim: a two-headed ogre, wielding two +0 giant spiked clubs (lightly wounded)
You freeze the two-headed ogre!
The two-headed ogre is moderately wounded.
The two-headed ogre closely misses you.
The two-headed ogre hits you with a +0 giant spiked club!
* * * LOW HITPOINT WARNING * * *
Casting: Freeze (safe; 1% risk of failure)
Confirm with . or Enter, or press ? or * to list all spells.
Aiming: Freeze (safe; 1% risk of failure)
Press: ? - help, Shift-Dir - straight line, f/p - two-headed ogre
Aim: a two-headed ogre, wielding two +0 giant spiked clubs (moderately wounded)
You freeze the two-headed ogre.
The two-headed ogre is heavily wounded.
The two-headed ogre barely misses you. x2
Casting: Freeze (safe; 1% risk of failure)
Confirm with . or Enter, or press ? or * to list all spells.
Aiming: Freeze (safe; 1% risk of failure)
Press: ? - help, Shift-Dir - straight line, f/p - two-headed ogre
Aim: a two-headed ogre, wielding two +0 giant spiked clubs (moderately wounded)
You freeze the two-headed ogre.
The two-headed ogre is heavily wounded.
Casting: Freeze (safe; 1% risk of failure)
Confirm with . or Enter, or press ? or * to list all spells.
Aiming: Freeze (safe; 1% risk of failure)
Press: ? - help, Shift-Dir - straight line, f/p - two-headed ogre
Aim: a two-headed ogre, wielding two +0 giant spiked clubs (heavily wounded)
You freeze the two-headed ogre!
The two-headed ogre is severely wounded.
The two-headed ogre closely misses you.
The two-headed ogre hits you with a +0 giant spiked club!
You die...

### ###
#.##############.#
#................# #
#.##############.# # #.#
#.....# #
#.##########.##### #
#.##.......#.###########
#.#..........#..........
#.#....@................
#.#....O.....#.#########
#.#.#<....#..#.## ###
#.#.............# #..
#.#.#####.......# #.#
#.#[# ###.#.....# #.#
#.#.# #>........######.#
#.#.###.#..............#
#.....#.#......#.#######


You could see a two-headed ogre.

Vanquished Creatures
  A spectral unseen horror (D:8)
  3 wyverns
  Eustachio (D:4)
  A steam dragon (D:8)
  Menkaure (D:4)
  2 orc warriors
  2 ice beasts
  An ogre (D:5)
  3 phantoms
  A gnoll sergeant (D:8)
  3 kobold brigands
  A bullfrog (D:8)
  3 scorpions
  3 wights
  4 killer bees (D:8)
  3 hounds
  2 orc priests (D:6)
  2 gnoll boudas
  A jelly (D:6)
  Jessica (D:3)
  2 iguanas
  Natasha (thrice) (D:3 D:2)
  6 orc wizards
  A killer bee simulacrum (D:8)
  8 adders
  22 gnolls
  2 ufetubi
  4 worms
  3 dart slugs
  21 orcs
  6 endoplasms
  12 goblins
  8 hobgoblins
  11 jackals
  26 kobolds
  3 quokkas
  2 ball pythons
  6 bats
  4 frilled lizards
  24 rats
213 creatures vanquished.

Vanquished Creatures (others)
  17 withered plants (D:8)
17 creatures vanquished.

Grand Total: 230 creatures vanquished

Notes
Turn   | Place    | Note
-------+----------+-------------------------------------------
     0 | D:1      | fishmans the Draconian Ice Elementalist began the quest for
                  | the Orb.
     0 | D:1      | Reached XP level 1. HP: 14/14 MP: 3/3
   253 | D:1      | Reached XP level 2. HP: 11/20 MP: 1/5
  1239 | D:2      | Reached XP level 3. HP: 19/26 MP: 4/6
  1399 | D:2      | Learned a level 3 spell: Ozocubu's Armour
  1411 | D:2      | Found a faded altar of an unknown god.
  1941 | D:2      | Reached skill level 5 in Ice Magic
  2210 | D:3      | Noticed Sigmund
  2242 | D:2      | Reached XP level 4. HP: 12/33 MP: 1/7
  2728 | D:3      | Noticed Natasha
  2737 | D:3      | Killed Natasha
  3436 | D:3      | Found Zasoen's Antique Weapon Shop.
  3499 | D:3      | Noticed Natasha
  3652 | D:3      | Noticed Jessica
  3670 | D:3      | Killed Jessica
  3671 | D:3      | Reached skill level 6 in Ice Magic
  3671 | D:3      | Reached XP level 5. HP: 27/38 MP: 5/8
  3915 | D:3      | Noticed Grinder
  3967 | D:2      | Killed Natasha
  4003 | D:2      | Noticed Natasha
  4240 | D:2      | Killed Natasha
  4421 | D:3      | Paralysed by Grinder for 5 turns
  5071 | D:3      | Reached skill level 7 in Ice Magic
  5315 | D:3      | Reached XP level 6. HP: 43/45 MP: 7/9
  5453 | D:4      | Noticed Eustachio
  5466 | D:4      | Killed Eustachio
  5609 | D:4      | Found a staircase to the Ecumenical Temple.
  5615 | Temple   | Entered the Ecumenical Temple
  5670 | Temple   | Became a worshipper of Sif Muna the Loreminder
  5887 | D:4      | Noticed Menkaure
  5924 | D:4      | Killed Menkaure
  5925 | D:4      | Reached skill level 8 in Ice Magic
  5925 | D:4      | Your scales start taking on a glossy black colour.
  5925 | D:4      | Reached XP level 7. HP: 18/50 MP: 0/11
  5925 | D:4      | Gained mutation: You are resistant to electric shocks.
                  | (rElec) [Black Draconian growth]
  6348 | D:4      | Reached * piety under Sif Muna
  7159 | D:5      | Entered Level 5 of the Dungeon
  7159 | D:5      | Found a blossoming altar of Fedhas.
  7381 | D:5      | Found a broken altar of Ashenzari.
  7387 | D:5      | Found a snail-covered altar of Cheibriados.
  7648 | D:5      | Learned a level 4 spell: Hailstorm
  7703 | D:5      | Found Heapudam's General Store.
  7711 | D:5      | Bought a scroll of identify for 22 gold pieces
  7854 | D:5      | Bought a scroll of identify for 22 gold pieces
  8333 | D:6      | Reached skill level 9 in Ice Magic
  8571 | D:6      | Reached XP level 8. HP: 57/57 MP: 10/14
  9362 | D:7      | Found a flagged portal.
  9552 | D:7      | Reached ** piety under Sif Muna
  9564 | Bailey   | Entered a bailey
  9580 | Bailey   | Reached skill level 5 in Spellcasting
  9580 | Bailey   | Reached skill level 10 in Ice Magic
 10701 | D:7      | Noticed a four-headed hydra
 10953 | D:6      | Noticed a two-headed ogre
 10953 | D:6      | Noticed a gargoyle
 11551 | D:8      | Reached XP level 9. HP: 52/62 MP: 8/17
 11830 | D:8      | Reached skill level 11 in Ice Magic
 12568 | D:8      | Found a staircase to the Lair.
 12628 | D:8      | Noticed a skeletal warrior
 12628 | D:8      | Noticed a spectral unseen horror
 13337 | D:8      | Learned a level 2 spell: Call Imp
 13888 | D:9      | Noticed Amaemon
 13888 | D:9      | Noticed an orange demon
 13987 | D:8      | Killed a spectral unseen horror
 13988 | D:8      | Reached skill level 12 in Ice Magic
 14287 | D:8      | Learned a level 1 spell: Magic Dart
 14650 | D:9      | Found a staircase to the Orcish Mines.
 15080 | D:8      | You fall into a shaft and drop 1 floor!
 15386 | D:7      | Mangled by a two-headed ogre

Illustrated notes

Levels and vault maps discovered:
D:1:      lemuel_arrival_funnel, layout_rooms
D:2:      layout_loops_ring, hellmonk_ecumenical_altar_blasted
D:3:      layout_basic, serial_shops, nicolae_shop_stone, uniq_grinder,
          uniq_natasha, uniq_sigmund, uniq_jessica
D:4:      layout_loops_cross, temple_statues, minmay_rat_hole, uniq_menkaure,
          uniq_eustachio
D:5:      layout_basic, grunt_temple_overflow_open, amcnicky_altar_gilded,
          serial_shops, shop, hangedman_decor_riveting
D:6:      minmay_klotski, layout_basic
D:7:      layout_basic, enter_bailey_5
D:8:      layout_basic, lair_entry_dummy, dilly_guarded_unrand_morg
D:9:      layout_rooms, orc_0_dummy, uniq_amaemon
Temple:   hellmonk_temple_two_chambers

Skill      XL: |  1  2  3  4  5  6  7  8  9 |
---------------+----------------------------+-----
Stealth        | 2 |  2.0
Dodging        | 2 |  2.0
Ice Magic      | 5 6 7 8 9 10 12 | 12.5
Spellcasting   | 3 4 5 7 |  7.1

Action                   |  1- 3 |  4- 6 |  7- 9 || total
-------------------------+-------+-------+-------++-------
Melee: Unarmed           |    45 |       |       ||    45
       Tailslap          |     5 |     8 |    16 ||    29
       Club              |     9 |       |       ||     9
       Short sword       |    16 |    66 |   129 ||   211
       Punch             |       |     2 |       ||     2
Throw: Stone             |    13 |     1 |     1 ||    15
       Dart              |       |     2 |    12 ||    14
 Cast: Freeze            |    59 |    91 |   255 ||   405
       Ozocubu's Armour  |       |     4 |    19 ||    23
       Hailstorm         |       |       |     7 ||     7
       Magic Dart        |       |       |    11 ||    11
       Call Imp          |       |       |     6 ||     6
Invok: Channel Magic     |       |       |     4 ||     4
 Abil: Breathe Lightning |       |       |    18 ||    18
  Use: Scroll            |     7 |     3 |    10 ||    20
       Potion            |       |     5 |     4 ||     9
 Stab: Sleeping          |     1 |       |       ||     1
       Distracted        |       |       |     1 ||     1
Armor: Skin              |    68 |    79 |   236 ||   383
Dodge: Dodged            |   122 |   124 |   329 ||   575
